 Dungeon Crawl Stone Soup version 0.26-a0-466-g989023bd0d (webtiles) character file.

Game seed: 13800380161496595743

7962 Inarius the Covert (level 11, -6/68 HPs)
             Began as a Kobold Wanderer on Aug 14, 2020.
             Was a High Priest of Okawaru.
             Mangled by Snorg (13 damage)
             ... on level 10 of the Dungeon.
             The game lasted 00:15:46 (13311 turns).

Inarius the Covert (Kobold Wanderer)               Turns: 13311, Time: 00:15:47

Health: -6/68      AC:  6    Str: 10    XL:     11   Next: 47%
Magic:  1/11       EV: 17    Int: 12    God:    Okawaru [*****.]
Gold:   691        SH:  0    Dex: 19    Spells: 10/10 levels left

rFire    . . .     SeeInvis +   c - +3 dagger (venom)
rCold    + . .     Faith    .   (shield restricted)
rNeg     . . .     Spirit   .   D - +1 leather armour {rC+}
rPois    .         Reflect  .   f - +0 helmet
rElec    .         Harm     .   (no cloak)
rCorr    .         Rnd*Rage +   p - +0 pair of gloves
MR       ++...                  (no boots)
Stlth    ++++++....             (no amulet)
HPRegen  0.21/turn              m - ring of see invisible
MPRegen  0.12/turn              C - ring of protection from magic

@: heavily drained
A: small, berserk 1, magic resistance 1, nightstalker 3, MP-powered wands
a: Heroism, Finesse, Renounce Religion


You were on level 10 of the Dungeon.
You worshipped Okawaru.
Okawaru was extremely pleased with you.
You visited 2 branches of the dungeon, and saw 11 of its levels.
You also visited: Ossuary.

You collected 733 gold pieces.
You spent 42 gold pieces at shops.

Inventory:

Hand Weapons
 a - a +0 dagger
 c - a +3 dagger of venom (weapon)
Missiles
 b - 3 throwing nets (quivered)
 l - 9 boomerangs
Armour
 f - a +0 helmet (worn)
 p - a +0 pair of gloves (worn)
 D - a +1 leather armour of cold resistance (worn)
Jewellery
 i - an uncursed ring of protection from cold
 m - a ring of see invisible (left hand)
 y - an uncursed ring of magical power
 C - a ring of protection from magic (right hand)
 M - a +6 ring of dexterity {unknown}
 N - an uncursed ring of protection from magic
Wands
 d - a wand of acid (3)
 x - a wand of flame (20)
 I - a wand of digging (6)
Scrolls
 e - 8 scrolls of remove curse
 g - 2 scrolls of blinking {unknown}
 h - 2 scrolls of random uselessness {unknown}
 j - a scroll of fear {unknown}
 k - a scroll of enchant weapon {unknown}
 n - 3 scrolls of immolation {unknown}
 o - a scroll of noise {unknown}
 q - 6 scrolls of teleportation
 r - 9 scrolls of identify {unknown}
 s - a scroll of magic mapping
 B - a scroll of silence {unknown}
 E - a scroll of acquirement {unknown}
 F - 2 scrolls of enchant armour {unknown}
 G - 3 scrolls of amnesia {unknown}
 L - a scroll of fog {unknown}
Potions
 t - 4 potions of haste
 u - a potion of magic
 v - 3 potions of curing
 w - 3 potions of lignification
 A - a potion of flight {unknown}
 H - a potion of cancellation {unknown}
 J - a potion of brilliance {unknown}
 K - 2 potions of resistance {unknown}


   Skills:
 + Level 7.6(6.4) Fighting
 * Level 12.0(10.6) Short Blades
 - Level 2.1(1.1) Throwing
 + Level 3.8(2.7) Armour
 + Level 6.3(5.0) Dodging
 + Level 12.6(11.2) Stealth
 + Level 1.0(0.0) Unarmed Combat
 + Level 7.3(6.0) Evocations


You had 10 spell levels left.
You didn't know any spells.
Your spell library was empty.

Dungeon Overview and Level Annotations

Branches:
Dungeon (10/15)            Temple (1/1) D:4            Lair (0/6) D:9
Ossuary (visited)
    Orc: D:9-12

Altars:
Ashenzari
Cheibriados
Dithmenos
Elyvilon
Fedhas
Gozag
Hepliaklqana
Kikubaaqudgha
Makhleb
Nemelex Xobeh
Okawaru
Qazlal
Ru
Sif Muna
Trog
Uskayaw
Vehumet
Wu Jian
Xom
Yredelemnul
Zin
The Shining One

Shops:
D:8 !   D:9 [

Annotations:
D:9 2 transporters
D:10 Snorg


Innate Abilities, Weirdness & Mutations

You are small and have problems with some larger weapons.
You are completely attuned to the shadows.
You tend to lose your temper in combat.
You are resistant to hostile enchantments. (MR+)
You expend magic power (3 MP) to strengthen your wands.


Message History

Snorg is almost dead.
Snorg barely misses you. Snorg claws you! x2
You puncture Snorg!
Snorg is poisoned.
Snorg is almost dead.
Snorg bites you. Snorg misses you. Snorg claws you but does no damage.
You barely miss Snorg.
Snorg is almost dead.
Snorg closely misses you. Snorg misses you. x2
You barely miss Snorg.
Snorg is almost dead.
Snorg bites you. Snorg claws you!!
* * * LOW HITPOINT WARNING * * *
Snorg misses you.
Okay, then.
You feel much better. Snorg misses you. Snorg claws you! x2
* * * LOW HITPOINT WARNING * * *
You feel much better. Snorg bites you!
* * * LOW HITPOINT WARNING * * *
Snorg completely misses you. Snorg closely misses you. Snorg bites you!
You die...

#......... #.# ###.######
#.# #.# ######.# ##'##
#)...... #. ##...##
#.####.# #T# ##.....###.#
##.# #..# ##.......##.#
#..#
#...####.....(...#.##...#
....)).T@........'.......
....####.........#.##...#
.... ##.......##.......
.... ##.....###.......
.... ##(..## .#.#.##
##'## #.#.## #.# #^#...
#.# #.###. ##.## #.....


You could see Snorg (berserk, very poisoned, corroded).

Vanquished Creatures
  A two-headed ogre (D:9)
  A deep elf mage (D:10)
  A hornet (D:9)
  3 hippogriffs
  A spriggan (D:8)
  6 yaks
  A wyvern (D:8)
  Grum (D:9)
  2 water moccasins (D:9)
  3 porcupines (D:9)
  4 orc warriors
  5 sky beasts
  An ice beast (D:9)
  2 ogres
  3 phantoms
  A necrophage (D:8)
  3 wolves (D:9)
  2 centaurs
  8 bullfrogs
  2 big kobolds
  3 scorpions
  8 killer bees
  4 wights (D:10)
  A vampire bat (D:3)
  A centaur zombie (D:8)
  A bullfrog zombie (D:9)
  4 jellies
  8 hounds
  An orc priest (D:7)
  4 orc wizards
  A bullfrog skeleton (D:9)
  2 iguanas
  5 worker ants
  A hound skeleton (D:9)
  9 mummies
  A howler monkey zombie (D:6)
  4 adders
  19 gnolls
  2 shadow imps
  3 white imps
  An ufetubus (D:10)
  2 adder skeletons
  2 worms (D:2)
  2 dart slugs (D:2)
  6 leopard geckos
  15 orcs
  2 ball pythons
  2 bat zombies (D:7)
  6 giant cockroaches
  6 hobgoblins
  6 jackals
  2 quokkas
  16 bats
  6 frilled lizards
  A gnoll zombie (Ossuary)
  6 goblins
  3 hobgoblin zombies (Ossuary)
  15 kobolds
  4 kobold zombies (Ossuary)
  A leopard gecko zombie (D:8)
  A quokka skeleton (D:4)
  2 rats (D:3)
240 creatures vanquished.

Vanquished Creatures (collateral kills)
  An orc wizard (D:9)
  4 orcs (D:9)
5 creatures vanquished.

Grand Total: 245 creatures vanquished

Notes
Turn   | Place    | Note
-------+----------+-------------------------------------------
     0 | D:1      | Inarius the Kobold Wanderer began the quest for the Orb.
     0 | D:1      | Inarius set off with the following items: a +0 dagger, 2
                  | throwing nets, 2 potions of curing, a +0 leather armour
     0 | D:1      | Reached XP level 1. HP: 16/16 MP: 1/1
   904 | D:1      | Reached XP level 2. HP: 20/20 MP: 2/2
  1235 | D:2      | Reached skill level 1 in Short Blades
  1374 | D:2      | Reached XP level 3. HP: 25/25 MP: 3/3
  1434 | D:2      | Reached skill level 5 in Fighting
  1757 | D:2      | Reached XP level 4. HP: 22/31 MP: 4/4
  1776 | D:2      | Reached skill level 1 in Armour
  2170 | D:2      | Reached XP level 5. HP: 29/35 MP: 5/5
  2641 | D:3      | Reached XP level 6. HP: 36/40 MP: 6/6
  3107 | D:3      | Found a glowing golden altar of the Shining One.
  4109 | D:4      | Found a staircase to the Ecumenical Temple.
  4115 | Temple   | Entered the Ecumenical Temple
  4416 | Temple   | Became a worshipper of Warmaster Okawaru
  4685 | D:4      | Reached skill level 5 in Stealth
  4685 | D:4      | Reached XP level 7. HP: 44/44 MP: 7/7
  4730 | D:4      | Reached skill level 5 in Short Blades
  4830 | D:4      | Reached skill level 1 in Evocations
  4923 | D:5      | Entered Level 5 of the Dungeon
  5013 | D:5      | Found a sparkling altar of Nemelex Xobeh.
  5039 | D:5      | Found a sand-covered staircase.
  5134 | Ossuary  | Entered an ossuary
  5398 | Ossuary  | Gained mutation: Scrolls take you a little longer to read.
                  | [potion of mutation]
  5398 | Ossuary  | Gained mutation: You have a pair of small antennae on your
                  | head. [potion of mutation]
  5821 | Ossuary  | Lost mutation: You have a pair of small antennae on your
                  | head. [potion of mutation]
  5821 | Ossuary  | Lost mutation: Scrolls take you a little longer to read.
                  | [potion of mutation]
  5821 | Ossuary  | Gained mutation: You expend magic power (3 MP) to
                  | strengthen your wands. [potion of mutation]
  5821 | Ossuary  | Gained mutation: You tend to lose your temper in combat.
                  | [potion of mutation]
  5821 | Ossuary  | Gained mutation: You are resistant to hostile enchantments.
                  | (MR+) [potion of mutation]
  6348 | D:5      | Found a hazy altar of Hepliaklqana.
  6410 | D:5      | Found a radiant altar of Vehumet.
  6764 | D:6      | Reached XP level 8. HP: 38/50 MP: 8/8
  6955 | D:6      | Reached * piety under Okawaru
  7341 | D:6      | Found a shattered altar of Ashenzari.
  7626 | D:6      | Reached ** piety under Okawaru
  7816 | D:6      | Reached XP level 9. HP: 46/55 MP: 9/9
  8262 | D:7      | Noticed a hippogriff
  8265 | D:7      | Killed a hippogriff
  8663 | D:7      | Found an ancient bone altar of Kikubaaqudgha.
  8719 | D:7      | Found a shimmering altar of Xom.
  9069 | D:7      | Reached skill level 5 in Evocations
  9442 | D:8      | Reached *** piety under Okawaru
  9462 | D:8      | Reached XP level 10. HP: 36/61 MP: 10/10
  9761 | D:8      | Reached skill level 10 in Short Blades
 10061 | D:8      | Found Xuuppuve's Distillery.
 10062 | D:8      | Reached skill level 5 in Dodging
 10067 | D:8      | Bought a potion of lignification for 42 gold pieces
 10132 | D:8      | Found a shadowy altar of Dithmenos.
 10232 | D:8      | Reached skill level 10 in Stealth
 10474 | D:9      | Reached **** piety under Okawaru
 10501 | D:9      | Received a gift from Okawaru
 10616 | D:9      | Noticed Grum
 10637 | D:9      | Killed Grum
 11078 | D:9      | Found Nuseyxuj's Armour Shoppe.
 11124 | D:9      | Paralysed by a hornet for 3 turns
 11518 | D:9      | Found a transporter.
 11519 | D:9      | Noticed an ogre mage
 11526 | D:9      | Noticed a cyclops
 11650 | D:9      | Reached XP level 11. HP: 67/67 MP: 11/11
 11672 | D:9      | Found an ornate altar of the Wu Jian Council.
 11704 | D:9      | Found a transporter.
 11714 | D:9      | Noticed a two-headed ogre
 11718 | D:9      | Killed a two-headed ogre
 11718 | D:9      | Reached ***** piety under Okawaru
 11784 | D:9      | Found a basalt altar of Yredelemnul.
 11791 | D:9      | Found a snail-covered altar of Cheibriados.
 11859 | D:9      | Found a staircase to the Lair.
 12127 | D:10     | Entered Level 10 of the Dungeon
 12996 | D:10     | Noticed a deep elf mage
 13000 | D:10     | Killed a deep elf mage
 13262 | D:10     | Noticed Snorg
 13311 | D:10     | Mangled by Snorg

Illustrated notes

Levels and vault maps discovered:
D:1:      minmay_arrival_plants_in_alcoves, layout_basic,
          hangedman_decor_clover_reticule, chequers_serial_rivers_micro_e
D:2:      layout_rooms, serial_forest, infiniplex_forest_clump_large,
          infiniplex_forest_clump_diagonal, infiniplex_forest_lined_room_2,
          infiniplex_forest_lined_corner, infiniplex_forest_end_double
D:3:      layout_loops_ring, nicolae_tso_swordbearing_angel, roderic_batcave,
          small_statue_intersection, grunt_decor_fettered
D:4:      layout_basic, minmay_temple_entry_tees
D:5:      layout_basic, lemuel_doored_altar, kennysheep_mini_moat,
          lemuel_round_altar, gup_ossuary_entry_pyramid
D:6:      layout_rooms, nicolae_ashenzari_panopticon
D:7:      layout_basic, lemuel_zombie_altar_kikubaaqudgha, basic_altar
D:8:      layout_basic, nicolae_dithmenos_shadow_blocks, serial_shops, shop,
          the_bakery
D:9:      layout_small_grid, gammafunk_temple_overflow_arena,
          amethyst_overflow_temple_binary, grunt_lair_entry_orc_guard_hut,
          serial_shops, shop_statue, hex_medium, uniq_grum
D:10:     layout_loops_corners, uniq_snorg
Temple:   minmay_temple_forest_path

Skill      XL: |  1  2  3  4  5  6  7  8  9 10 11 |
---------------+----------------------------------+-----
Short Blades   | 1 2 3 4 6 8 9 11 12 | 12.0
Fighting       | 5 6 7 |  7.6
Stealth        | 2 3 5 6 7 9 11 12 | 12.6
Armour         | 1 2 3 |  3.8
Dodging        | 3 4 5 6 |  6.3
Evocations     | 2 3 5 6 7 |  7.3
Throwing       | |  2.1
Unarmed Combat | |  1.0

Action                   |  1- 3 |  4- 6 |  7- 9 | 10-12 || total
-------------------------+-------+-------+-------+-------++-------
Melee: Dagger            |    62 |   130 |   436 |   320 ||   948
       Punch             |     1 |       |     2 |       ||     3
Throw: Boomerang         |       |       |     9 |       ||     9
       Throwing net      |       |       |     3 |       ||     3
Evoke: Wand              |       |       |     2 |    11 ||    13
  Use: Potion            |     2 |       |    10 |     5 ||    17
       Scroll            |       |     1 |     3 |       ||     4
 Stab: Sleeping          |     9 |    20 |    32 |    25 ||    86
       Distracted        |       |       |     1 |       ||     1
Armor: Leather armour    |    11 |    32 |    39 |    22 ||   104
       Skin              |       |       |    14 |    13 ||    27
Dodge: Dodged            |    44 |    95 |   196 |   167 ||   502

Table legend: (Time is in decaauts)
 A = Elapsed time spent in this place.
 B = Non-inter-level travel time spent in this place.
 C = Inter-level travel time spent in this place.
 D = Time resting spent in this place.
 E = Time spent auto-exploring this place.
 F = Levels seen in this place.
 G = Mean time per level.
                   A        B        C        D        E       F      G
               +--------+--------+--------+--------+--------+-----+--------+
         Total |  13006 |  12697 |    309 |   2863 |   8060 |  12 | 1083.8 |
       Dungeon |  11727 |  11457 |    270 |   2259 |   7688 |  10 | 1172.7 |
        Temple |    340 |    301 |     39 |      0 |    296 |   1 |  340.0 |
       Ossuary |    937 |    937 |      0 |    604 |     76 |   1 |  937.0 |
               +--------+--------+--------+--------+--------+-----+--------+

Top non-repeatable levels by time:
     D:9: 1841 daAuts
     D:1: 1525 daAuts
     D:7: 1303 daAuts
     D:4: 1194 daAuts
     D:6: 1142 daAuts
    D:10: 1117 daAuts
     D:2: 1074 daAuts
 Ossuary: 937 daAuts
     D:8: 929 daAuts
     D:5: 806 daAuts
     D:3: 793 daAuts
  Temple: 340 daAuts
